Map: Oxide LE

Players

LiquidClem (Clem)

  • Race: Terran Terran
  • League: Grandmaster

Neeblet (Neeb) - Winner!

  • Race: Protoss Protoss

Event: DreamHack SC2 Masters 2021 Summer

VOD

Have the link to the VOD?

Description

Time

  • Played on: July 2, 2021, 11:40 a.m.
  • Length: 11:42

All games in this series

Show
View Real Time Build Order
Export as new Build Order

LiquidClem Terran 

Build Orders:  

Get SALT Encoding   

  12  0:00  SCV  
  13  0:12  SCV  
  14  0:16  Supply Depot  
  14  0:24  SCV  
  15  0:38  SCV  
  15  0:40  Barracks  
  16  0:44  Refinery  
  16  0:50  SCV  
  17  0:59  Supply Depot  
  17  1:02  SCV  
  18  1:14  SCV  
  19  1:29  Marine, Orbital Command  
  20  1:44  Command Center  
  20  1:54  Barracks Reactor  
  20  1:55  SCV  
  21  2:02  Barracks  
  21  2:07  SCV  
  22  2:13  Barracks  
  22  2:19  SCV  
  23  2:28  Supply Depot  
  23  2:30  Marine x2  
  23  2:31  SCV  
  26  2:43  SCV  
  27  2:48  Marine x2, Barracks Tech Lab  
  29  2:51  Engineering Bay  
  29  2:55  SCV  
  30  3:01  Barracks Tech Lab  
  30  3:06  Marine x2  
  30  3:07  SCV  
  30  3:08  Marine  
  32  3:14  Stimpack  
  32  3:17  Orbital Command  
  32  3:20  SCV  
  32  3:22  Marine  
  32  3:24  Marine  
  32  3:25  Combat Shield  
  35  3:28  Marine  
  35  3:30  Marine  
  35  3:33  SCV  
  38  3:40  Supply Depot  
  38  3:41  Marine  
  38  3:44  SCV  
  38  3:45  SCV  
  38  3:46  Marine  
  38  3:47  Marine  
  43  3:51  Marine  
  44  3:56  SCV  
  44  3:57  SCV  
  44  3:59  Supply Depot  
  44  4:01  Marine  
  47  4:06  Missile Turret  
  47  4:08  SCV, Missile Turret  
  48  4:10  Marine  
  48  4:14  Refinery  
  48  4:15  Marauder  
  51  4:18  SCV  
  51  4:20  SCV  
  51  4:22  Marine  
  52  4:25  Marauder  
  52  4:29  Terran Infantry Weapons Level 1  
  52  4:30  SCV  
  55  4:32  SCV  
  55  4:37  Marine  
  56  4:39  Marauder  
  56  4:43  SCV  
  56  4:44  SCV  
  60  4:47  Supply Depot  
  60  4:48  Marine  
  60  4:49  Marine  
  62  4:55  SCV  
  62  4:57  SCV, Marine  
  64  5:01  Marine  
  64  5:05  Factory  
  62  5:07  SCV  
  62  5:09  SCV  
  62  5:10  Marine, Refinery  
  62  5:12  Marauder  
  66  5:15  Supply Depot  
  66  5:17  Marine  
  66  5:19  SCV  
  66  5:21  SCV  
  69  5:24  Marauder  
  69  5:27  Supply Depot  
  71  5:31  SCV, Marine  
  71  5:33  SCV, Marauder  
  75  5:37  Concussive Shells  
  75  5:38  Marine  
  76  5:43  SCV  
  76  5:45  SCV, Marauder  
  76  5:46  Refinery  
  76  5:49  Supply Depot  
  80  5:51  Starport  
  80  5:52  Factory Reactor  
  80  5:55  SCV  
  81  5:58  Marine x2  
  81  5:59  Marauder  
  81  6:01  SCV  
  84  6:06  Marauder  
  84  6:11  Supply Depot  
  82  6:13  SCV  
  82  6:18  SCV, Marine x2  
  84  6:22  Supply Depot  
  86  6:29  Command Center  
  85  6:36  Marauder x2  
  85  6:38  Factory Tech Lab  
  85  6:39  Medivac  
  82  6:40  Medivac  
  82  6:43  Marine x2  
  82  6:46  SCV x2  
  87  6:57  Siege Tank  
  87  6:58  Marauder, Supply Depot  
  87  6:59  SCV  
  87  7:00  Marine  
  87  7:01  Marine  
  85  7:02  Marauder  
  85  7:08  Barracks x2  
  86  7:18  SCV  
  86  7:20  Marauder, Marine x2  
  86  7:21  Medivac  
  82  7:23  Marauder, Medivac  
  82  7:27  SCV, Supply Depot  
  87  7:30  Terran Infantry Armor Level 1  
  87  7:31  Siege Tank  
  87  7:35  Supply Depot  
  90  7:38  Marine x2  
  90  7:41  Marauder  
  94  7:45  Marauder  
  94  7:46  Supply Depot  
  96  7:57  Barracks Reactor, Barracks Tech Lab, Marine x2  
  96  7:59  Viking  
  96  8:00  Viking  
  96  8:03  Marauder  
  102  8:06  Marauder  
  104  8:13  Siege Tank  
  104  8:15  Marine x2  
  104  8:16  Marauder  
  111  8:24  Marauder  
  113  8:27  Marauder  
  113  8:32  Viking  
  113  8:33  Marine  
  118  8:35  Marine x2  
  118  8:37  Marauder  
  118  8:40  Marine  
  110  8:45  Marauder  
  110  8:47  Command Center  
  107  8:49  Marauder  
  107  8:51  Marine  
  107  8:52  Siege Tank  
  107  8:54  Marine x2  
  115  8:58  Marauder  
  115  9:00  Marine, Viking  
  120  9:07  Viking  
  119  9:10  Marauder  
  119  9:12  Marine  
  119  9:13  Marine  
  119  9:16  Marine  
  112  9:18  Marauder  
  112  9:19  Marine  
  112  9:21  Marauder  
  100  9:26  Siege Tank  
  98  9:32  Marine  
  98  9:33  Marine  
  98  9:34  Viking  
  98  9:38  Marauder  
  101  9:40  Marine  
  101  9:45  Marine  
  103  9:49  Marauder  
  107  9:52  Marauder  
  107  9:55  Marine  
  107  9:57  Marine  
  109  10:02  Marine  
  109  10:04  Marine  
  109  10:05  Marauder  
  109  10:10  Orbital Command  
  109  10:16  Siege Tank  
  109  10:20  Marauder  
  116  10:21  Marauder  
  116  10:24  Marine x3  
  116  10:25  Marine  
  120  10:30  Marauder  
  120  10:31  Medivac  
  120  10:34  Medivac  
  124  10:42  Marauder  
  126  10:44  Marine x4, Supply Depot  
  126  10:47  Marauder  
  126  10:49  Siege Tank  
  135  10:58  Marauder  
  135  10:59  Ghost Academy  
  135  11:03  Marine x4, Marauder  
  142  11:06  Viking  
  142  11:07  Viking  
  145  11:17  Supply Depot  
  145  11:18  Marine  
Show
View Real Time Build Order
Export as new Build Order

Neeblet Protoss - Winner!

Build Orders: 1 Gate Expand, Oracle Opening, Colossus Rush 

Get SALT Encoding   

  12  0:00  Probe  
  13  0:12  Probe  
  14  0:17  Pylon  
  14  0:24  Probe (Chrono Boost)  
  15  0:36  Probe (Chrono Boost)  
  15  0:38  Gateway  
  16  0:45  Probe (Chrono Boost)  
  16  0:47  Assimilator  
  17  0:51  Probe  
  18  1:03  Probe  
  19  1:15  Probe  
  20  1:26  Cybernetics Core  
  20  1:34  Nexus  
  20  1:38  Probe  
  21  1:44  Pylon  
  21  1:50  Probe  
  21  1:54  Assimilator  
  21  1:59  Adept (Chrono Boost)  
  21  2:00  Probe  
  24  2:08  Probe  
  25  2:17  Probe  
  25  2:18  Stargate  
  26  2:24  Adept  
  26  2:29  Probe  
  29  2:36  Warp Gate  
  29  2:41  Probe  
  30  2:46  Probe  
  31  2:53  Probe  
  31  2:55  Adept  
  31  2:58  Probe  
  35  3:05  Oracle (Chrono Boost)  
  35  3:08  Probe (Chrono Boost)  
  39  3:13  Probe (Chrono Boost)  
  39  3:24  Pylon, Probe (Chrono Boost)  
  39  3:25  Probe (Chrono Boost)  
  40  3:29  Probe (Chrono Boost)  
  40  3:31  Probe  
  42  3:39  Probe  
  42  3:40  Gateway  
  45  3:41  Gateway  
  45  3:43  Probe  
  46  3:49  Pylon  
  46  3:51  Probe  
  46  3:55  Probe  
  48  4:01  Assimilator  
  48  4:02  Assimilator  
  46  4:03  Probe  
  46  4:04  Robotics Facility  
  46  4:07  Pylon, Probe  
  48  4:15  Probe, Forge  
  49  4:19  Probe  
  49  4:23  Shield Battery  
  50  4:27  Probe  
  50  4:29  Sentry  
  53  4:31  Probe  
  53  4:34  Sentry  
  53  4:37  Pylon  
  56  4:39  Stalker, Probe  
  56  4:44  Probe  
  60  4:48  Protoss Ground Armor Level 1 (Chrono Boost)  
  60  4:51  Immortal (Chrono Boost), Probe, Robotics Bay  
  61  4:55  Pylon  
  61  4:57  Probe  
  66  5:04  Probe  
  67  5:09  Probe  
  68  5:16  Stalker x3, Probe  
  68  5:19  Pylon  
  68  5:20  Observer (Chrono Boost)  
  76  5:21  Probe  
  76  5:28  Probe  
  78  5:35  Probe  
  79  5:37  Colossus (Chrono Boost)  
  79  5:41  Zealot x3  
  91  5:46  Probe  
  91  5:47  Extended Thermal Lance  
  92  5:50  Observer  
  92  5:51  Pylon  
  92  5:52  Pylon  
  92  6:01  Probe  
  92  6:02  Probe  
  90  6:13  Probe  
  90  6:14  Probe  
  90  6:18  Twilight Council, Photon Cannon  
  92  6:19  Shield Battery  
  92  6:21  Nexus  
  92  6:28  Colossus (Chrono Boost)  
  98  6:34  Zealot x3  
  98  6:35  Probe  
  103  6:41  Pylon, Probe  
  104  6:48  Probe  
  104  6:50  Protoss Ground Weapons Level 1 (Chrono Boost)  
  100  7:01  Probe  
  100  7:02  Blink (Chrono Boost), Probe  
  100  7:06  Gateway  
  102  7:08  Gateway  
  102  7:13  Gateway, Sentry x2  
  106  7:20  Stalker  
  104  7:27  Probe  
  104  7:28  Probe  
  106  7:30  Assimilator  
  106  7:32  Colossus (Chrono Boost)  
  106  7:34  Assimilator, Pylon  
  112  7:38  Stalker  
  112  7:39  Stalker  
  116  7:45  Pylon  
  116  7:50  Photon Cannon  
  114  8:02  Gateway  
  114  8:04  Gateway  
  114  8:06  Gateway  
  114  8:13  Stalker x3  
  114  8:14  Stalker x3  
  126  8:23  Colossus (Chrono Boost)  
  132  8:35  Forge  
  124  8:42  Stalker x6  
  126  8:49  Charge, Protoss Ground Armor Level 2 (Chrono Boost)  
  126  9:00  Zealot x3  
  132  9:07  Zealot x4  
  130  9:21  Protoss Ground Weapons Level 2 (Chrono Boost)  
  130  9:23  Stalker x5  
  122  9:28  Warp Prism (Chrono Boost)  
  120  9:35  Sentry x3  
  124  9:48  Zealot x2  
  124  9:49  Zealot x4  
  134  9:56  Templar Archives  
  134  9:58  Pylon  
  134  10:06  Nexus  
  134  10:16  Zealot x4  
  142  10:35  Zealot x5  
  152  10:39  High Templar  
  152  10:40  High Templar  
  156  10:44  Pylon, Archon  
  156  10:45  Pylon  
  156  10:47  Pylon  
  156  10:49  Pylon, Photon Cannon  
  156  11:03  High Templar x4  
  156  11:04  Zealot, High Templar x2  
  166  11:10  Archon x3  
  170  11:16  Zealot x2  
  174  11:22  Probe  
  163  11:27  Zealot  
  137  11:37  Zealot x7  
  137  11:38  Zealot  
Tags
 
Add a new tag
Caveats
  • Supply blocks, unpowered buildings, or Contaminate may cause inaccurate times.
  • Supply counts are checked every 10 seconds.